 Dungeon Crawl Stone Soup version 0.27.1-3-gb3d3a73c9e (webtiles) character file.

Game seed: 4900267975247638512

16557 Ekaitz the Geomancer (level 12, -7/69 HPs)
             Began as a Deep Elf Earth Elementalist on Oct 14, 2021.
             Was a Believer of Vehumet.
             Mangled by a five-headed hydra (9 damage)
             ... on level 1 of the Lair of Beasts.
             The game lasted 00:36:54 (15149 turns).

Ekaitz the Geomancer (Deep Elf Earth Elementalist) Turns: 15149, Time: 00:36:54

Health: -7/69      AC:  9    Str:  9    XL:     12   Next: 11%
Magic:  12/28      EV: 13    Int: 22    God:    Vehumet [**....]
Gold:   781        SH:  0    Dex: 15    Spells: 20/31 levels left

rFire    . . .     SeeInvis .   r - staff of earth
rCold    + . .     Faith    .   (no shield)
rNeg     . . .     Spirit   .   W - +0 troll leather armour
rPois    .         Reflect  .   (no helmet)
rElec    .         Harm     .   x - +2 cloak {Stlth+}
rCorr    .         Rampage  .   C - +0 pair of gloves
Will     +....                  I - +0 pair of boots
Stlth    +++++.....             e - amulet of the acrobat
HPRegen  1.21/turn              L - ring of protection from cold
MPRegen  0.21/turn              V - ring of wizardry

@: no status effects
A: no striking features
a: Renounce Religion


You were on level 1 of the Lair of Beasts.
You worshipped Vehumet.
Vehumet was pleased with you.
You visited 3 branches of the dungeon, and saw 13 of its levels.

You collected 781 gold pieces.

Inventory:

Hand Weapons
 j - a +1 short sword of draining
 l - a +0 hunting sling
 u - a +1 dagger of draining
 z - the +8 mace of Huvvomesao {vorpal, *Corrode rElec rPois rF++}
   (You found it on level 4 of the Dungeon)

   It inflicts extra damage upon your enemies.
   rF:        It greatly protects you from fire.
   rElec:     It insulates you from electricity.
   rPois:     It protects you from poison.
   *Corrode:  It may corrode you when you take damage.
 R - a +3 short sword
Missiles
 c - 341 stones
 f - 79 sling bullets
 H - 7 curare-tipped darts
 N - 21 poisoned darts
 S - 3 atropa-tipped darts
Armour
 b - a +0 buckler
 x - a +2 cloak of stealth (worn)
 C - a +0 pair of gloves (worn)
 I - a +0 pair of boots (worn)
 W - a +0 troll leather armour (worn)
Magical Staves
 r - a staff of earth (weapon)
Jewellery
 e - an amulet of the acrobat (around neck)
 L - a ring of protection from cold (left hand)
 V - a ring of wizardry (right hand)
 Y - a +6 ring of strength
Wands
 D - a wand of flame (35)
 G - a wand of digging (6)
 M - a wand of acid (10)
Scrolls
 i - 3 scrolls of blinking
 p - 4 scrolls of magic mapping
 q - 3 scrolls of amnesia {unknown}
 t - 2 scrolls of enchant armour {unknown}
 v - 4 scrolls of teleportation {unknown}
 w - 3 scrolls of fear
 A - 2 scrolls of immolation {unknown}
 E - 2 scrolls of silence {unknown}
 F - 2 scrolls of summoning
 J - 2 scrolls of acquirement {unknown}
 K - 3 scrolls of fog
 T - a scroll of torment {unknown}
Potions
 a - a potion of flight {unknown}
 d - 6 potions of curing {unknown}
 g - 2 potions of mutation
 h - 2 potions of brilliance {unknown}
 k - 3 potions of heal wounds {unknown}
 m - 2 potions of might {unknown}
 n - 3 potions of invisibility {unknown}
 o - 2 potions of berserk rage {unknown}
 s - 2 potions of resistance {unknown}
 O - 2 potions of attraction {unknown}
 Q - 3 potions of haste {unknown}


   Skills:
 + Level 5.8 Fighting
 + Level 3.4 Short Blades
 + Level 1.4 Armour
 + Level 4.5 Dodging
 + Level 9.8 Stealth
 * Level 0.7 Shields
 + Level 10.2 Spellcasting
 * Level 5.0 Conjurations
 + Level 7.6 Transmutations
 * Level 3.6 Fire Magic
 * Level 10.3 Earth Magic
 * Level 7.4 Evocations


You had 20 spell levels left.
You knew the following spells:

 Your Spells              Type           Power      Damage    Failure   Level
a - Sandblast             Erth           100%       2d20      1%          1
b - Passwall              Tmut/Erth      55%        N/A       1%          2
c - Stone Arrow           Conj/Erth      100%       3d13      1%          3
d - Petrify               Tmut/Erth      66%        N/A       1%          4
z - Foxfire               Conj/Fire      100%       2x1d9     1%          1

Your spell library contained the following spells:

 Spells                   Type           Power      Damage    Failure   Level


Dungeon Overview and Level Annotations

Branches:
Dungeon (11/15)            Temple (1/1) D:7            Lair (1/6) D:9
    Orc (0/2) D:10

Altars:
Ashenzari
Cheibriados
Dithmenos
Elyvilon
Fedhas
Gozag
Hepliaklqana
Kikubaaqudgha
Makhleb
Nemelex Xobeh
Okawaru
Qazlal
Ru
Sif Muna
Trog
Uskayaw
Vehumet
Wu Jian
Xom
Yredelemnul
Zin
The Shining One
Beogh

Shops:
D:7 *

Annotations:
Lair:1 1 runed translucent door, ChodeyFoster420's ghost, adept MiBe


Message History

The five-headed hydra closely misses you.
The five-headed hydra bites you but does no damage.
You hit the five-headed hydra. You drain the five-headed hydra.
The five-headed hydra is lightly wounded.
The water moccasin bites you.
The five-headed hydra bites you but does no damage.
The five-headed hydra bites you! x2
The five-headed hydra closely misses you.
The five-headed hydra barely misses you.
r - a staff of earth (weapon)
The water moccasin bites you but does no damage.
Casting: Passwall (safe; 1% risk of failure)
Confirm with . or Enter, or press ? or * to list all spells.
Aiming: Petrify (dangerous; 1% risk of failure)
Press: ? - help, Shift-Dir - straight line, f - five-headed hydra
Aim: a five-headed hydra (lightly wounded, lightly drained, chance to affect: 50%)
You feel a surge of power!
The five-headed hydra resists with some effort.
The five-headed hydra bites you!
The five-headed hydra barely misses you.
The five-headed hydra misses you.
The five-headed hydra bites you but does no damage. x2
The water moccasin barely misses you.
Unknown command.
Casting: Petrify (dangerous; 1% risk of failure)
Confirm with . or Enter, or press ? or * to list all spells.
Aiming: Petrify (dangerous; 1% risk of failure)
Press: ? - help, Shift-Dir - straight line, f/p - five-headed hydra
Aim: a five-headed hydra (lightly wounded, lightly drained, chance to affect: 50%)
You feel a surge of power!
The five-headed hydra is moving more slowly.
The water moccasin bites you but does no damage.
The five-headed hydra bites you! The five-headed hydra bites you.
* * * LOW HITPOINT WARNING * * *
The five-headed hydra bites you.
* * * LOW HITPOINT WARNING * * *
The five-headed hydra bites you!
* * * LOW HITPOINT WARNING * * *
The five-headed hydra bites you!
You die...

##.♣...............#.##
......#............+.#
#♣.>..+.♣.♣.♣..♣.....#
#.....#..............#
#..♣.##............###
###.###...♣..##...##
######
##..##.......#.##
#..#.##
##..)####........#.#
#P..... #.#..#
##..(♣S@...# ##...#..
##....# #.....D.#.#
##...#### .....##
##......+.# #P..## #
......# ####.... #
##...# # ......#
#####.P####...##
......# .........#.#
####..P# ..........#
#..P# ...........###
..... ....#........#


You could see a five-headed hydra (petrifying, drained) and a water moccasin.

Vanquished Creatures
  3 hydras
  A centaur warrior (D:10)
  A two-headed ogre (D:11)
  Pikel (D:8)
  A manticore (D:11)
  A gargoyle (D:7)
  A rime drake (Lair:1)
  2 komodo dragons (Lair:1)
  Psyche (D:11)
  4 orange demons (D:10)
  2 trolls
  2 red devils (D:10)
  A raiju (shapeshifter) (D:11)
  A shadow (D:11)
  17 yaks
  2 wraiths
  Eustachio (D:6)
  3 vampire mosquitoes (D:10)
  A steam dragon (D:6)
  2 acid dragons
  6 water moccasins
  5 orc warriors
  3 necrophages
  2 ogres
  5 centaurs
  2 phantoms (D:6)
  3 bullfrogs
  2 kobold brigands
  2 scorpions
  9 killer bees
  13 wights
  3 howler monkeys (D:9)
  4 jellies
  Crazy Yiuf (D:4)
  6 centaur zombies
  10 orc priests
  3 bullfrog skeletons
  3 iguanas
  4 orc wizards
  6 gnolls
  5 adders
  A shadow imp (D:8)
  A white imp (D:8)
  An ufetubus (D:6)
  2 adder skeletons
  2 worms (D:2)
  3 dart slugs
  34 orcs
  7 ball pythons
  5 endoplasms
  3 giant cockroaches
  9 hobgoblins
  15 kobolds
  6 quokkas
  4 bats
  3 frilled lizards
  5 goblins
  5 rats
251 creatures vanquished.

Vanquished Creatures (collateral kills)
  An orange demon (D:10)
1 creature vanquished.

Vanquished Creatures (others)
  2 foxfires (D:11)
  7 fungi
  4 plants
13 creatures vanquished.

Grand Total: 265 creatures vanquished

Notes
Turn   | Place    | Note
-------+----------+-------------------------------------------
     0 | D:1      | Ekaitz the Deep Elf Earth Elementalist began the quest for
                  | the Orb.
     0 | D:1      | Reached XP level 1. HP: 10/10 MP: 6/6
   197 | D:1      | Found a faded altar of an unknown god.
   487 | D:1      | Reached XP level 2. HP: 15/15 MP: 6/8
   490 | D:1      | Learned a level 2 spell: Passwall
  1368 | D:2      | Reached XP level 3. HP: 20/20 MP: 9/9
  1372 | D:2      | Learned a level 3 spell: Stone Arrow
  1624 | D:2      | Found a hide-covered altar of Uskayaw.
  2184 | D:3      | Reached XP level 4. HP: 21/24 MP: 11/11
  2189 | D:3      | Learned a level 4 spell: Petrify
  2430 | D:3      | Reached skill level 1 in Short Blades
  2593 | D:3      | Reached skill level 1 in Fighting
  2593 | D:3      | Reached XP level 5. HP: 11/29 MP: 3/13
  2882 | D:3      | Reached skill level 1 in Evocations
  3512 | D:4      | Reached XP level 6. HP: 30/34 MP: 1/14
  3636 | D:4      | Found a runed translucent door.
  3637 | D:4      | Noticed Crazy Yiuf
  3740 | D:4      | Killed Crazy Yiuf
  3789 | D:4      | Identified the +8 mace of Huvvomesao {vorpal, *Corrode
                  | rElec rPois rF++}
  4207 | D:4      | Reached skill level 5 in Earth Magic
  4314 | D:4      | Noticed a water moccasin
  4327 | D:4      | Killed a water moccasin
  4328 | D:4      | Reached skill level 1 in Conjurations
  4393 | D:4      | Reached XP level 7. HP: 39/39 MP: 13/16
  4425 | D:4      | Reached skill level 5 in Spellcasting
  4943 | D:5      | Entered Level 5 of the Dungeon
  5106 | D:5      | Found a bloodstained altar of Trog.
  5372 | D:5      | Reached XP level 8. HP: 45/45 MP: 15/18
  5832 | D:5      | Reached skill level 5 in Stealth
  6951 | D:6      | Noticed Eustachio
  6970 | D:6      | Killed Eustachio
  6971 | D:6      | Reached XP level 9. HP: 44/51 MP: 6/21
  7294 | D:7      | Reached skill level 5 in Transmutations
  7935 | D:7      | Found Peix's Overcharged Wands.
  7974 | D:7      | Found a staircase to the Ecumenical Temple.
  7990 | Temple   | Entered the Ecumenical Temple
  8147 | Temple   | Became a worshipper of Vehumet
  8272 | D:7      | Noticed a gargoyle
  8300 | D:7      | Killed a gargoyle
  8882 | D:8      | Reached skill level 5 in Evocations
  9043 | D:8      | Noticed Pikel
  9062 | D:8      | Killed Pikel
  9063 | D:8      | Reached XP level 10. HP: 34/58 MP: 8/23
 10296 | D:9      | Reached * piety under Vehumet
 10296 | D:9      | Offered knowledge of Shock by Vehumet.
 10607 | D:9      | Found a staircase to the Lair.
 11029 | D:10     | Entered Level 10 of the Dungeon
 11589 | D:10     | Reached skill level 5 in Fighting
 11693 | D:10     | Noticed a centaur warrior
 11707 | D:10     | Killed a centaur warrior
 11990 | D:10     | Noticed an orange demon
 11990 | D:10     | Noticed an orange demon
 12001 | D:10     | Noticed an orange demon
 12077 | D:10     | Reached XP level 11. HP: 46/64 MP: 1/26
 12786 | D:10     | Found a staircase to the Orcish Mines.
 12836 | D:10     | Reached ** piety under Vehumet
 12838 | D:10     | Offered knowledge of Foxfire by Vehumet.
 12843 | D:10     | Learned a level 1 spell: Foxfire
 13241 | D:10     | Reached skill level 1 in Fire Magic
 13310 | D:10     | Reached skill level 1 in Armour
 13375 | D:11     | Reached skill level 10 in Earth Magic
 13400 | D:11     | Noticed a seven-headed hydra
 13447 | D:11     | Killed a seven-headed hydra
 13761 | D:11     | Noticed Psyche
 13763 | D:11     | Killed Psyche
 13829 | D:11     | Noticed a two-headed ogre
 13838 | D:11     | Killed a two-headed ogre
 14270 | Lair:1   | Entered Level 1 of the Lair of Beasts
 14284 | Lair:1   | Noticed a seven-headed hydra
 14290 | Lair:1   | Killed a seven-headed hydra
 14291 | Lair:1   | Reached skill level 10 in Spellcasting
 14634 | Lair:1   | Noticed a six-headed hydra
 14644 | Lair:1   | Killed a six-headed hydra
 14645 | Lair:1   | Reached XP level 12. HP: 69/69 MP: 24/28
 15032 | Lair:1   | Found a runed translucent door.
 15038 | Lair:1   | Noticed ChodeyFoster420's ghost (adept MiBe)
 15122 | Lair:1   | Reached skill level 5 in Conjurations
 15136 | Lair:1   | Noticed a five-headed hydra
 15149 | Lair:1   | HP: 2/69 [five-headed hydra (11)]
 15149 | Lair:1   | Mangled by a five-headed hydra

Illustrated notes

Levels and vault maps discovered:
D:1:      dpeg_arrival_renting, layout_loops_corners,
          ebering_ecumenical_altar_abandoned, minmay_shallow_snake_nest
D:2:      layout_rooms, basic_altar, minmay_small_reverse_x
D:3:      cheibrodos_pilgrimage, layout_rooms, serial_curves, eino_curves_03,
          eino_curves_02
D:4:      layout_basic, kennysheep_generic_room_11, uniq_crazy_yiuf_cottage
D:5:      layout_loops_ring, trog_three_pillars_becter, serial_aquarium,
          aquarium_bridge_square [aquarium_subvault_bridge,
          aquarium_subvault_wall, aquarium_subvault_bridge,
          aquarium_subvault_bridge], aquarium_window_3, aquarium_window_fake,
          aquarium_view_2c, aquarium_view_2a, aquarium_balcony_double_1,
          minmay_misc_feat_chi
D:6:      layout_cave_pools, uniq_eustachio
D:7:      layout_gridville, minmay_temple_entry_glassed_door,
          nicolae_shop_overcharged_wands
D:8:      layout_loops_corners, uniq_pikel
D:9:      layout_basic, dpeg_oklobed_lair, minmay_misc_feat_nine_boxes
D:10:     layout_loops_ring, david_orc_5, minivault_1,
          minmay_beelzebubs_servants
D:11:     layout_loops_cross, minmay_door_square, uniq_psyche
Temple:   kilobyte_greek_temple
Lair:1:   layout_layer_cave, ebering_ghost_reflecting_pool, grunt_megastairs_3,
          infiniplex_staircase_pool_2, lemuel_fruit_fields

Skill      XL: |  1  2  3  4  5  6  7  8  9 10 11 12 |
---------------+-------------------------------------+-----
Earth Magic    | 4 5 6 8 9 10 | 10.3
Short Blades   | 1 2 3 |  3.4
Fighting       | 1 2 3 4 5 |  5.8
Spellcasting   | 4 5 6 7 9 10 | 10.2
Transmutations | 2 3 4 5 6 7 |  7.6
Stealth        | 3 4 6 7 8 9 |  9.8
Evocations     | 1 2 3 5 6 7 |  7.4
Dodging        | 3 4 |  4.5
Conjurations   | 1 2 3 4 5 |  5.0
Fire Magic     | 3 |  3.6
Armour         | 1 |  1.4
Shields        | |  0.7

Action                   |  1- 3 |  4- 6 |  7- 9 | 10-12 || total
-------------------------+-------+-------+-------+-------++-------
Melee: Short sword       |    54 |    32 |    18 |    44 ||   148
       Staff             |       |     1 |       |       ||     1
       Dagger            |       |    14 |    48 |   114 ||   176
 Cast: Sandblast         |    30 |     8 |     5 |    14 ||    57
       Stone Arrow       |     6 |    31 |    76 |   120 ||   233
       Passwall          |     1 |     4 |    20 |    26 ||    51
       Petrify           |       |     2 |     8 |    20 ||    30
       Foxfire           |       |       |       |     1 ||     1
  Use: Scroll            |       |       |       |     9 ||     9
 Stab: Sleeping          |     5 |     5 |    21 |    26 ||    57
       Petrified         |       |     3 |    10 |    25 ||    38
       Petrifying        |       |       |     1 |       ||     1
Armor: Robe              |     2 |     6 |    25 |    22 ||    55
       Troll leather arm |       |       |       |    33 ||    33
Dodge: Dodged            |    42 |    48 |    66 |   164 ||   320
